Map: Disco Bloodbath LE

Players

pHARM - Winner!

  • Race: Terran Terran
  • League: Platinum
  • Spawn Location: 3:00

BrendanS

  • Race: Zerg Zerg
  • League: Platinum
  • Spawn Location: 9:00

VOD

Have the link to the VOD?

Description

Time

  • Played on: Aug. 29, 2019, 8:11 p.m.
  • Length: 14:35
Show
View Real Time Build Order
Export as new Build Order

pHARM Terran - Winner!

Build Orders: Mech 

Get SALT Encoding   

  12  0:01  SCV  
  13  0:13  SCV  
  14  0:17  Supply Depot  
  14  0:32  SCV  
  15  0:41  Barracks  
  15  0:44  SCV  
  16  0:57  SCV  
  17  1:04  Refinery  
  17  1:09  SCV  
  18  1:21  SCV  
  19  1:33  SCV  
  20  1:51  Bunker  
  20  1:54  Marine  
  21  1:55  Supply Depot  
  21  2:00  Orbital Command  
  21  2:17  Marine  
  21  2:18  Command Center  
  21  2:40  Factory, Barracks Tech Lab  
  21  2:45  SCV  
  22  2:57  SCV  
  23  3:09  SCV  
  24  3:21  SCV  
  25  3:33  SCV  
  26  3:36  Orbital Command  
  26  3:37  Supply Depot  
  26  3:42  Refinery  
  26  3:45  SCV  
  27  3:48  Siege Tank  
  30  3:57  SCV  
  31  4:04  SCV  
  31  4:09  SCV  
  33  4:16  SCV  
  34  4:21  Siege Tank, SCV  
  38  4:28  SCV  
  39  4:33  SCV  
  40  4:40  SCV  
  40  4:42  Supply Depot  
  41  4:46  SCV  
  41  4:52  SCV  
  43  5:04  Supply Depot  
  43  5:25  Supply Depot  
  43  5:30  Supply Depot  
  43  5:31  SCV x2  
  45  5:35  Refinery  
  45  5:36  Refinery  
  45  5:37  Siege Tank  
  48  5:43  SCV x2, Factory  
  48  5:44  Factory, Armory  
  48  5:45  Engineering Bay  
  50  5:55  SCV x2  
  52  6:07  SCV x2, Supply Depot  
  54  6:14  Siege Tank  
  57  6:19  SCV x2  
  59  6:31  SCV x2  
  61  6:37  Missile Turret  
  61  6:38  Missile Turret  
  61  6:43  Missile Turret  
  61  6:44  Missile Turret  
  61  6:47  SCV  
  61  6:48  SCV, Missile Turret  
  61  6:53  Factory Tech Lab  
  63  6:54  Factory Tech Lab  
  63  7:00  SCV x2  
  65  7:02  Terran Vehicle Weapons Level 1  
  65  7:04  Factory  
  65  7:10  Armory  
  65  7:12  SCV x2  
  67  7:16  Command Center  
  67  7:20  Thor  
  67  7:22  Thor  
  85  7:32  Thor  
  85  7:36  Hi-Sec Auto Tracking  
  85  7:43  Supply Depot x2  
  85  7:45  Supply Depot  
  85  7:48  SCV x2  
  87  7:51  Factory Reactor  
  87  8:00  SCV x2  
  87  8:03  Terran Vehicle And Ship Armor Level 1  
  89  8:06  Thor  
  95  8:45  Thor x2  
  95  8:46  Hellbat x2  
  111  9:01  Orbital Command  
  111  9:13  Missile Turret x2  
  111  9:14  Hellbat x2  
  111  9:15  Thor, Missile Turret  
  121  9:27  Refinery, Thor  
  127  9:37  Refinery  
  127  9:44  Thor  
  133  9:51  Terran Vehicle Weapons Level 2  
  133  10:20  Supply Depot x2  
  133  10:24  SCV x2, Hellbat x2  
  139  10:38  Thor  
  139  10:41  Thor x2  
  157  10:43  Supply Depot  
  157  10:45  Command Center x2, Supply Depot  
  157  10:49  Hellbat x2  
  162  10:57  SCV x3  
  164  11:05  Infernal Pre-Igniter  
  164  11:09  SCV x2  
  164  11:10  Smart Servos  
  166  11:16  Hellbat x2  
  170  11:18  Terran Vehicle And Ship Armor Level 2  
  170  11:21  Thor  
  176  11:29  Supply Depot  
  176  11:30  Supply Depot  
  176  11:50  Thor  
  182  11:59  Refinery  
  182  12:07  Command Center, Refinery  
  182  12:11  Orbital Command  
  182  12:12  Command Center  
  182  12:13  Thor x2  
  182  12:15  Hellbat x2  
  197  12:33  Thor  
  200  12:44  Planetary Fortress  
  200  12:52  Missile Turret x2  
  200  13:14  Missile Turret  
  173  13:35  Hellbat  
  173  13:36  Hellbat x2  
  157  14:01  Hellbat x3  
Show
View Real Time Build Order
Export as new Build Order

BrendanS Zerg 

Build Orders: Hatch First, Brood Lord Corruptor 

Get SALT Encoding   

  12  0:02  Drone  
  13  0:13  Drone  
  14  0:17  Overlord  
  14  0:43  Hatchery  
  13  0:58  Spawning Pool  
  12  1:06  Drone  
  12  1:07  Drone  
  14  1:14  Drone  
  14  1:18  Drone  
  16  1:29  Drone  
  17  1:39  Drone  
  18  1:44  Extractor  
  18  1:45  Queen  
  19  1:55  Zergling x2  
  19  1:57  Queen  
  19  2:00  Zergling x2  
  23  2:06  Drone x2  
  25  2:27  Drone x3  
  28  2:40  Overlord x2  
  28  2:58  Queen  
  30  3:00  Hatchery, Drone  
  30  3:01  Drone x3  
  33  3:13  Baneling Nest  
  32  3:20  Drone x4  
  32  3:21  Drone  
  32  3:25  Drone  
  32  3:26  Drone  
  39  3:33  Extractor  
  38  3:40  Extractor  
  37  3:42  Extractor  
  36  3:59  Metabolic Boost  
  36  4:01  Zergling x4  
  36  4:02  Zergling x8  
  42  4:21  Lair  
  42  4:30  Spore Crawler  
  41  4:33  Spore Crawler  
  41  4:36  Drone x3  
  43  4:42  Queen  
  43  4:44  Overlord  
  43  4:45  Overlord  
  45  4:46  Drone x5  
  45  4:50  Overlord x2  
  50  5:14  Drone x3  
  52  5:18  Baneling x4  
  52  5:19  Baneling x2  
  53  5:30  Spire  
  53  5:35  Drone  
  53  5:36  Drone x11  
  64  5:44  Extractor  
  64  5:47  Extractor  
  62  5:50  Spore Crawler  
  61  6:03  Spire  
  60  6:21  Drone  
  60  6:22  Drone x3  
  60  6:25  Drone x6  
  70  6:47  Mutalisk  
  70  6:48  Mutalisk x4  
  70  6:50  Mutalisk  
  70  6:53  Overlord x3  
  70  6:54  Overlord  
  82  7:05  Zerg Flyer Weapons Level 1  
  82  7:10  Infestation Pit  
  81  7:26  Zerg Flyer Armor Level 1  
  81  7:47  Hive  
  81  7:50  Drone x12  
  93  8:03  Hatchery  
  92  8:08  Hatchery  
  91  8:31  Mutalisk x3  
  91  8:32  Mutalisk, Corruptor x3  
  91  8:33  Corruptor x4  
  113  8:34  Overlord  
  113  8:35  Overlord x6  
  112  8:56  Corruptor x3  
  112  8:57  Corruptor  
  112  8:59  Overlord  
  112  9:00  Overlord x2  
  120  9:06  Greater Spire  
  120  9:33  Corruptor x5  
  130  9:40  Corruptor  
  132  9:54  Extractor  
  132  9:55  Drone x3  
  132  9:56  Extractor  
  133  10:01  Drone x4  
  133  10:02  Drone x2  
  139  10:13  Corruptor x5  
  147  10:15  Corruptor  
  147  10:21  Extractor  
  150  10:27  Extractor  
  149  10:38  Corruptor x2  
  149  10:39  Corruptor x2  
  157  10:43  Zergling x2  
  157  10:44  Zergling x24  
  170  10:57  Brood Lord x2  
  170  10:59  Brood Lord  
  176  11:06  Brood Lord  
  178  11:21  Brood Lord x2  
  178  11:25  Brood Lord  
  184  11:30  Brood Lord  
  186  11:36  Brood Lord  
  188  11:41  Brood Lord  
  190  11:48  Centrifical Hooks  
  190  12:02  Corruptor x2  
  190  12:03  Corruptor x2  
  190  12:05  Corruptor  
  200  12:14  Zerg Flyer Weapons Level 2  
  200  12:54  Baneling x5  
  200  12:55  Baneling x6  
  200  12:56  Baneling x15  
  200  13:08  Baneling  
  200  13:09  Baneling x7  
  200  13:14  Overseer x4  
  160  13:47  Zergling x2  
  160  13:48  Zergling x40  
  156  13:49  Zergling x14  
Tags
 
Add a new tag
Caveats
  • Supply blocks, unpowered buildings, or Contaminate may cause inaccurate times.
  • Supply counts are checked every 10 seconds.